 Dungeon Crawl Stone Soup version 0.31-a0-180-g519b7de00c (webtiles) character file.

Game seed: 17756854437448651627

1640 qw the Skirmisher (level 8, -6/75 HPs)
             Began as a Naga Hunter on June 20, 2023.
             Was an Initiate of Okawaru.
             Mangled by Maggie
             ... wielding a +0 morningstar of flaming
              (10 damage)
             ... on level 6 of the Dungeon.
             The game lasted 00:02:16 (5356 turns).

qw the Skirmisher (Naga Hunter)                     Turns: 5356, Time: 00:02:17

Health: -6/75      AC:  8    Str: 14    XL:     8   Next: 99%
Magic:  8/8        EV: 10    Int: 10    God:    Okawaru [......]
Gold:   362        SH:  0    Dex: 16    Spells: 7/7 levels left

rFire   . . .        Y - +2 shortbow
rCold   . . .        (shield currently unavailable)
rNeg    . . .        c - +0 leather armour
rPois   +            j - +1 helmet
rElec   .            i - +0 cloak
rCorr   .            e - +0 pair of gloves
SInv    +            (no barding)
Will    +....        (no amulet)
Stlth   ++           (no ring)
HPRegen 0.32/turn    (no ring)
MPRegen 0.11/turn

%: no passive effects
@: short of breath, mesmerised, very slow
A: AC +2, large, see invisible, deformed body, poison resistance, slowness 2,
spit poison 1, naga tail 1
a: Spit Poison, Renounce Religion


You were on level 6 of the Dungeon.
You worshipped Okawaru.
Okawaru was noncommittal.
You visited 2 branches of the dungeon, and saw 7 of its levels.

You collected 362 gold pieces.


Innate Abilities, Weirdness & Mutations

Your serpentine skin is tough. (AC +2)
You have supernaturally acute eyesight. (SInv)
Armour fits poorly on your strangely shaped body.
Your system is resistant to poisons. (rPois)
You cover ground very slowly.
You can spit poison.
You have a snake-like lower body.


   Skills:
 + Level 5.5 Fighting
 - Level 9.1 Ranged Weapons
 - Level 1.9 Armour
 - Level 2.3 Dodging
 - Level 1.5 Stealth


You had 7 spell levels left.
You didn't know any spells.
Your spell library was empty.

Inventory:

Hand Weapons
 Y - a +2 shortbow (weapon)
Armour
 c - a +0 leather armour (worn)
 e - a +0 pair of gloves (worn)
 i - a +0 cloak (worn)
 j - a +1 helmet (worn)
 k - the +2 leather armour "Paapliz" {Harm Regen+ Int+6 Dex-4}
   (You found it on level 6 of the Dungeon)

   Int:       It affects your intelligence (+6).
   Dex:       It affects your dexterity (-4).
   Regen:     It increases your rate of health regeneration.
   Harm:      It increases damage dealt and taken.
Wands
 d - a wand of digging (6)
Scrolls
 b - a scroll of identify
Potions
 a - a potion of resistance
 f - a potion of enlightenment
 g - a potion of haste {unknown}

Dungeon Overview and Level Annotations

Branches:
Dungeon (6/15)             Temple (1/1) D:6

Altars:
Ashenzari
Dithmenos
Elyvilon
Fedhas
Gozag
Kikubaaqudgha
Makhleb
Nemelex Xobeh
Okawaru
Qazlal
Sif Muna
Trog
Uskayaw
Xom
Yredelemnul
Zin
The Shining One

Annotations:
D:6 Maggie


Message History

Aiming: Spit Poison (1% risk of failure)
Press: ? - help, Shift-Dir - straight line, f/p - Maggie The splash of poison hits Maggie.
Maggie completely resists.
Maggie is severely wounded.
Maggie hits you with a +0 morningstar of flaming.
Maggie burns you.
You shoot an arrow. The arrow barely misses Maggie.
Maggie gestures wildly while chanting.
Maggie draws you further into her thrall.
You shoot an arrow.
The arrow hits Maggie but does no damage.
Maggie is severely wounded.
Maggie barely misses you.
You shoot an arrow. The arrow closely misses Maggie.
You shoot an arrow. The arrow barely misses Maggie.
Maggie hits you with a +0 morningstar of flaming.
Maggie burns you.
You shoot an arrow.
The arrow hits Maggie but does no damage.
Maggie is severely wounded.
Maggie barely misses you.
You shoot an arrow.
The arrow hits Maggie but does no damage.
Maggie is severely wounded.
Maggie closely misses you.
You shoot an arrow. The arrow hits Maggie!
Maggie is almost dead.
You have got your breath back.
Maggie completely misses you.
5355 ||| INVOKING Spit Poison.
Aiming: Spit Poison (1% risk of failure)
Press: ? - help, Shift-Dir - straight line, f/p - Maggie The splash of poison hits Maggie.
Maggie is almost dead.
Maggie barely misses you.
You shoot an arrow.
The arrow hits Maggie but does no damage.
Maggie is almost dead.
Maggie hits you with a +0 morningstar of flaming!
You die...

#####.#####...#
#...#.#.. ## #.#.#
###.#.#.. #.#.#
######.#....
#.#.####.......####
##.#............##..
#......##=..........
##.....#####........
#.@...# #........
#.@...# #....[...
#.#.### ##).......
#...# ####.<)[.....
.........##
#...####)####
#.?...!..#
#...####.####
##########
#...####.####
##.#####.####
#...........
#######.####


You could see Maggie (mesmerising).

Vanquished Creatures
  Grinder (D:3)
  Prince Ribbit (D:6)
  Edmund (D:5)
  A water moccasin (D:6)
  2 ogres
  Blork the orc (D:4)
  A scorpion (D:6)
  A bullfrog (D:5)
  2 hounds
  2 orc priests
  A sleepcap (D:6)
  An iguana (D:6)
  9 orc wizards
  Robin (D:3)
  7 gnolls
  5 adders
  3 worms
  3 dart slugs
  28 orcs
  8 endoplasms
  4 giant cockroaches
  14 goblins
  14 hobgoblins
  8 kobolds
  2 quokkas
  11 ball pythons
  5 bats
  2 frilled lizards (D:3)
  5 rats
144 creatures vanquished.

Notes
Turn   | Place    | Note
-------+----------+-------------------------------------------
     0 | D:1      | qw the Naga Hunter began the quest for the Orb.
     0 | D:1      | Reached XP level 1. HP: 19/19 MP: 1/1
     0 | D:1      | 0 ||| qw: Version: 0.3-a-9-g12657ce
     0 | D:1      | 0 ||| qw: Game counter: 1176
     0 | D:1      | 0 ||| qw: Always use a shield: true
     0 | D:1      | 0 ||| qw: God list: Okawaru
     0 | D:1      | 0 ||| qw: Allow faded altars: false
     0 | D:1      | 0 ||| qw: Do Orc after D:15 true
     0 | D:1      | 0 ||| qw: Do second Lair branch before Depths: true
     0 | D:1      | 0 ||| qw: Lair rune preference: random
     0 | D:1      | 0 ||| qw: Plans: Normal
     0 | D:1      | 0 ||| PLANNING D:1-11
    33 | D:1      | 33 ||| INVOKING Spit Poison.
    40 | D:1      | 40 ||| INVOKING Spit Poison.
   129 | D:1      | 129 ||| INVOKING Spit Poison.
   135 | D:1      | 135 ||| INVOKING Spit Poison.
   136 | D:1      | 136 ||| INVOKING Spit Poison.
   140 | D:1      | 140 ||| INVOKING Spit Poison.
   141 | D:1      | Reached skill level 4 in Ranged Weapons
   141 | D:1      | Reached XP level 2. HP: 11/26 MP: 2/2
   240 | D:1      | 240 ||| INVOKING Spit Poison.
   259 | D:1      | 259 ||| INVOKING Spit Poison.
   276 | D:1      | 276 ||| INVOKING Spit Poison.
   280 | D:1      | 280 ||| INVOKING Spit Poison.
   348 | D:1      | 348 ||| INVOKING Spit Poison.
   383 | D:1      | 383 ||| INVOKING Spit Poison.
   402 | D:1      | 402 ||| INVOKING Spit Poison.
   404 | D:1      | Reached XP level 3. HP: 32/32 MP: 3/3
   431 | D:1      | 431 ||| INVOKING Spit Poison.
   535 | D:1      | 535 ||| INVOKING Spit Poison.
   552 | D:1      | 552 ||| INVOKING Spit Poison.
   752 | D:1      | 752 ||| UPGRADING to +0 pair of gloves.
   757 | D:1      | 757 ||| READING scroll labelled GOPEUB WETEMP.
   758 | D:1      | 758 ||| DRINKING 2 coppery potions.
   759 | D:1      | 759 ||| DROPPING scroll of butterflies.
   777 | D:2      | 777 ||| INVOKING Spit Poison.
   781 | D:2      | 781 ||| INVOKING Spit Poison.
   790 | D:2      | 790 ||| INVOKING Spit Poison.
   821 | D:2      | 821 ||| INVOKING Spit Poison.
   869 | D:2      | 869 ||| INVOKING Spit Poison.
   919 | D:2      | 919 ||| INVOKING Spit Poison.
   923 | D:2      | 923 ||| INVOKING Spit Poison.
   956 | D:2      | 956 ||| INVOKING Spit Poison.
   960 | D:2      | 960 ||| INVOKING Spit Poison.
   966 | D:2      | 966 ||| INVOKING Spit Poison.
  1170 | D:2      | 1170 ||| INVOKING Spit Poison.
  1174 | D:2      | 1174 ||| INVOKING Spit Poison.
  1179 | D:2      | 1179 ||| INVOKING Spit Poison.
  1231 | D:2      | Found a shimmering altar of Xom.
  1241 | D:2      | 1241 ||| INVOKING Spit Poison.
  1244 | D:2      | Reached skill level 5 in Ranged Weapons
  1244 | D:2      | Reached XP level 4. HP: 37/39 MP: 4/4
  1289 | D:2      | 1289 ||| INVOKING Spit Poison.
  1295 | D:2      | 1295 ||| INVOKING Spit Poison.
  1363 | D:2      | 1363 ||| READING scroll labelled ECZAOS QOWKO.
  1464 | D:2      | 1464 ||| READING scroll labelled YHEARCH ANGE.
  1478 | D:2      | 1478 ||| INVOKING Spit Poison.
  1501 | D:3      | 1501 ||| INVOKING Spit Poison.
  1504 | D:3      | 1504 ||| INVOKING Spit Poison.
  1507 | D:3      | 1507 ||| INVOKING Spit Poison.
  1508 | D:3      | 1508 ||| STAIRDANCE
  1511 | D:2      | 1511 ||| INVOKING Spit Poison.
  1516 | D:2      | HP: 6/40 [orc/+0 hand axe (5)]
  1517 | D:2      | 1517 ||| INVOKING Spit Poison.
  1665 | D:3      | Noticed Grinder
  1666 | D:3      | 1666 ||| INVOKING Spit Poison.
  1686 | D:3      | Paralysed by Grinder for 4 turns
  1690 | D:3      | Killed Grinder
  1691 | D:3      | Reached XP level 5. HP: 42/52 MP: 5/5
  1691 | D:3      | Reached XP level 6. HP: 49/61 MP: 6/6
  1756 | D:3      | 1756 ||| INVOKING Spit Poison.
  1790 | D:3      | 1790 ||| INVOKING Spit Poison.
  1805 | D:3      | 1805 ||| INVOKING Spit Poison.
  1895 | D:3      | 1895 ||| INVOKING Spit Poison.
  1898 | D:3      | 1898 ||| INVOKING Spit Poison.
  1904 | D:3      | 1904 ||| INVOKING Spit Poison.
  1907 | D:3      | 1907 ||| INVOKING Spit Poison.
  1907 | D:3      | Noticed Robin
  1910 | D:3      | 1910 ||| INVOKING Spit Poison.
  1915 | D:3      | 1915 ||| INVOKING Spit Poison.
  1920 | D:3      | 1920 ||| INVOKING Spit Poison.
  1924 | D:3      | 1924 ||| INVOKING Spit Poison.
  1925 | D:3      | Killed Robin
  1974 | D:3      | 1974 ||| INVOKING Spit Poison.
  2051 | D:3      | 2051 ||| INVOKING Spit Poison.
  2203 | D:3      | Found a faded altar of an unknown god.
  2278 | D:3      | 2278 ||| UPGRADING to +0 helmet.
  2283 | D:3      | 2283 ||| UPGRADING to +1 helmet.
  2293 | D:3      | 2293 ||| DROPPING +0 helmet.
  2294 | D:3      | 2294 ||| READING 3 scrolls labelled BIPRAH FAAB.
  2295 | D:3      | 2295 ||| READING scroll labelled BYTOZU HAUSOLI.
  2296 | D:3      | 2296 ||| READING scroll labelled OSTRIC NEPT.
  2297 | D:3      | 2297 ||| READING 2 scrolls of identify.
  2297 | D:3      | 2297 ||| IDENTIFYING lumpy black potion
  2342 | D:4      | 2342 ||| INVOKING Spit Poison.
  2347 | D:4      | 2347 ||| INVOKING Spit Poison.
  2353 | D:4      | 2353 ||| INVOKING Spit Poison.
  2401 | D:4      | 2401 ||| FLEEEEING.
  2402 | D:4      | 2402 ||| STAIRDANCE
  2452 | D:4      | 2452 ||| INVOKING Spit Poison.
  2454 | D:4      | 2454 ||| STAIRDANCE
  2457 | D:3      | 2457 ||| INVOKING Spit Poison.
  2497 | D:4      | 2497 ||| INVOKING Spit Poison.
  2499 | D:4      | 2499 ||| STAIRDANCE
  2533 | D:4      | 2533 ||| INVOKING Spit Poison.
  2535 | D:4      | 2535 ||| STAIRDANCE
  2616 | D:4      | Noticed Blork the orc
  2617 | D:4      | 2617 ||| Stepping ~*~*~tactically~*~*~ (outnumbered).
  2619 | D:4      | 2619 ||| Stepping ~*~*~tactically~*~*~ (outnumbered).
  2621 | D:4      | 2621 ||| INVOKING Spit Poison.
  2629 | D:4      | 2629 ||| INVOKING Spit Poison.
  2633 | D:4      | 2633 ||| INVOKING Spit Poison.
  2634 | D:4      | Killed Blork the orc
  2635 | D:4      | Reached skill level 6 in Ranged Weapons
  2635 | D:4      | Reached XP level 7. HP: 67/67 MP: 7/7
  2668 | D:4      | 2668 ||| INVOKING Spit Poison.
  2675 | D:4      | 2675 ||| INVOKING Spit Poison.
  2679 | D:4      | 2679 ||| INVOKING Spit Poison.
  2710 | D:4      | 2710 ||| INVOKING Spit Poison.
  2715 | D:4      | 2715 ||| INVOKING Spit Poison.
  2734 | D:4      | Found a bloodstained altar of Trog.
  2754 | D:4      | 2754 ||| INVOKING Spit Poison.
  2763 | D:4      | 2763 ||| INVOKING Spit Poison.
  2770 | D:4      | 2770 ||| INVOKING Spit Poison.
  2813 | D:4      | 2813 ||| INVOKING Spit Poison.
  2825 | D:4      | 2825 ||| INVOKING Spit Poison.
  2907 | D:4      | 2907 ||| INVOKING Spit Poison.
  2936 | D:4      | Found a white marble altar of Elyvilon.
  2986 | D:4      | 2986 ||| INVOKING Spit Poison.
  3064 | D:4      | 3064 ||| READING scroll of enchant weapon.
  3064 | D:4      | 3064 ||| ENCHANTING +1 shortbow.
  3191 | D:4      | 3191 ||| INVOKING Spit Poison.
  3198 | D:4      | 3198 ||| INVOKING Spit Poison.
  3270 | D:4      | Found a shimmering blue altar of Sif Muna.
  3278 | D:4      | 3278 ||| INVOKING Spit Poison.
  3281 | D:4      | 3281 ||| INVOKING Spit Poison.
  3285 | D:4      | 3285 ||| INVOKING Spit Poison.
  3287 | D:4      | 3287 ||| FLEEEEING.
  3289 | D:4      | 3289 ||| FLEEEEING.
  3293 | D:4      | 3293 ||| STAIRDANCE
  3318 | D:3      | 3318 ||| READING scroll labelled OTZAMOLUIS.
  3521 | D:5      | Entered Level 5 of the Dungeon
  3522 | D:5      | 3522 ||| INVOKING Spit Poison.
  3526 | D:5      | 3526 ||| INVOKING Spit Poison.
  3531 | D:5      | 3531 ||| STAIRDANCE
  3533 | D:4      | 3533 ||| INVOKING Spit Poison.
  3628 | D:5      | 3628 ||| INVOKING Spit Poison.
  3629 | D:5      | 3629 ||| STAIRDANCE
  3632 | D:4      | 3632 ||| INVOKING Spit Poison.
  3634 | D:4      | Reached skill level 7 in Ranged Weapons
  3740 | D:5      | 3740 ||| INVOKING Spit Poison.
  3743 | D:5      | 3743 ||| INVOKING Spit Poison.
  3820 | D:5      | 3820 ||| INVOKING Spit Poison.
  3820 | D:5      | Noticed Edmund
  3824 | D:5      | 3824 ||| INVOKING Spit Poison.
  3827 | D:5      | 3827 ||| INVOKING Spit Poison.
  3833 | D:5      | 3833 ||| INVOKING Spit Poison.
  3836 | D:5      | 3836 ||| INVOKING Spit Poison.
  3836 | D:5      | Killed Edmund
  3837 | D:5      | Reached skill level 1 in Armour
  3837 | D:5      | Reached XP level 8. HP: 24/74 MP: 8/8
  4009 | D:5      | 4009 ||| INVOKING Spit Poison.
  4013 | D:5      | 4013 ||| INVOKING Spit Poison.
  4017 | D:5      | 4017 ||| INVOKING Spit Poison.
  4111 | D:5      | 4111 ||| INVOKING Spit Poison.
  4115 | D:5      | 4115 ||| INVOKING Spit Poison.
  4119 | D:5      | 4119 ||| INVOKING Spit Poison.
  4131 | D:5      | 4131 ||| INVOKING Spit Poison.
  4153 | D:5      | Found a basalt altar of Yredelemnul.
  4176 | D:5      | 4176 ||| INVOKING Spit Poison.
  4183 | D:5      | 4183 ||| INVOKING Spit Poison.
  4188 | D:5      | Found a broken altar of Ashenzari.
  4272 | D:6      | Noticed Prince Ribbit
  4274 | D:6      | 4274 ||| INVOKING Spit Poison.
  4279 | D:6      | 4279 ||| INVOKING Spit Poison.
  4285 | D:6      | 4285 ||| INVOKING Spit Poison.
  4289 | D:6      | Killed Prince Ribbit
  4290 | D:6      | Reached skill level 8 in Ranged Weapons
  4290 | D:6      | 4290 ||| INVOKING Spit Poison.
  4369 | D:6      | 4369 ||| FLEEEEING.
  4371 | D:6      | 4371 ||| FLEEEEING.
  4372 | D:6      | 4372 ||| FLEEEEING.
  4373 | D:6      | 4373 ||| FLEEEEING.
  4374 | D:6      | 4374 ||| FLEEEEING.
  4375 | D:6      | 4375 ||| FLEEEEING.
  4376 | D:6      | 4376 ||| FLEEEEING.
  4377 | D:6      | 4377 ||| FLEEEEING.
  4378 | D:6      | 4378 ||| STAIRDANCE
  4459 | D:6      | 4459 ||| INVOKING Spit Poison.
  4467 | D:6      | 4467 ||| INVOKING Spit Poison.
  4474 | D:6      | 4474 ||| INVOKING Spit Poison.
  4512 | D:6      | 4512 ||| INVOKING Spit Poison.
  4553 | D:6      | 4553 ||| INVOKING Spit Poison.
  4583 | D:6      | 4583 ||| INVOKING Spit Poison.
  4612 | D:6      | Noticed a +0 hand axe
  4613 | D:6      | Noticed a +0 dagger
  4615 | D:6      | Found a hide-covered altar of Uskayaw.
  4616 | D:6      | 4616 ||| INVOKING Spit Poison.
  4620 | D:6      | 4620 ||| INVOKING Spit Poison.
  4745 | D:6      | Identified the +2 leather armour "Paapliz" {Harm Regen+
                  | Int+6 Dex-4}
  4788 | D:6      | Found an ancient bone altar of Kikubaaqudgha.
  4808 | D:6      | Reached skill level 9 in Ranged Weapons
  4926 | D:6      | 4926 ||| INVOKING Spit Poison.
  4936 | D:6      | Found a stormy altar of Qazlal.
  5022 | D:6      | Found a staircase to the Ecumenical Temple.
  5023 | D:6      | 5023 ||| PLANNING TEMPLE
  5023 | D:6      | 5023 ||| UPGRADING to +0 cloak.
  5036 | Temple   | Entered the Ecumenical Temple
  5082 | Temple   | 5082 ||| PLANNING OKAWARU WORSHIP
  5119 | Temple   | Became a worshipper of Warmaster Okawaru
  5120 | Temple   | 5120 ||| PLANNING D:1-11
  5249 | D:6      | Noticed Maggie
  5250 | D:6      | 5250 ||| INVOKING Spit Poison.
  5255 | D:6      | 5255 ||| INVOKING Spit Poison.
  5259 | D:6      | 5259 ||| INVOKING Spit Poison.
  5261 | D:6      | HP: 18/75 [Maggie/bolt of fire (21)]
  5262 | D:6      | 5262 ||| READING 2 scrolls of teleportation.
  5263 | D:6      | HP: 6/75 [Maggie/+0 morningstar of flaming (10)]
  5265 | D:6      | 5265 ||| INVOKING Spit Poison.
  5283 | D:6      | 5283 ||| READING scroll of teleportation.
  5284 | D:6      | 5284 ||| INVOKING Spit Poison.
  5336 | D:6      | 5336 ||| INVOKING Spit Poison.
  5340 | D:6      | 5340 ||| INVOKING Spit Poison.
  5343 | D:6      | 5343 ||| INVOKING Spit Poison.
  5345 | D:6      | HP: 16/75 [Maggie/bolt of fire (7)]
  5347 | D:6      | 5347 ||| INVOKING Spit Poison.
  5347 | D:6      | HP: 5/75 [Maggie/+0 morningstar of flaming (6)]
  5355 | D:6      | 5355 ||| INVOKING Spit Poison.
  5356 | D:6      | Mangled by Maggie

Levels and vault maps discovered:
D:1:      co_arrival_square_in_a_square_in_a_square, layout_basic
D:2:      layout_rooms, basic_altar, grunt_ministairs_15
D:3:      layout_rooms, shapermc_ecumenical_altar_hornbeckon,
          grunt_ministairs_14, uniq_grinder, uniq_robin
D:4:      layout_basic, mainiacjoe_overflow_boulevard,
          nicolae_elyvilon_temple_path, led_sif_book, wad_floor_pattern_1,
          uniq_blork_the_orc
D:5:      layout_rooms, mainiacjoe_overflow_tiny_flanked, amcnicky_altar_gilded,
          uniq_edmund
D:6:      layout_basic, dancing_weapons_uskayaw, cheibrodos_worm_habitat,
          nicolae_qazlal_general_emergency, kennysheep_little_box,
          minmay_temple_entry_glassed_door, reono_crystal_passage,
          minmay_lizard_king, uniq_prince_ribbit1, uniq_maggie
Temple:   nicolae_temple_colour_theory

Skill      XL: |  1  2  3  4  5  6  7  8 |
---------------+-------------------------+-----
Ranged Weapons | 4 5 6 7 9 |  9.1
Fighting       | 5 |  5.5
Dodging        | 2 |  2.3
Armour         | 1 |  1.9
Stealth        | |  1.5

Action                     |  1- 3 |  4- 6 |  7- 9 || total
---------------------------+-------+-------+-------++-------
   Fire: Shortbow          |    74 |   103 |   225 ||   402
Ability: Spit Poison       |    29 |    32 |    61 ||   122
    Use: Scroll            |     1 |     6 |     4 ||    11
         Potion            |     1 |       |       ||     1
 Armour: Leather armour    |     4 |    25 |    25 ||    54
  Dodge: Dodged            |     7 |    37 |    52 ||    96

Table legend:
 A = Non-vault XP
 B = Vault XP
 C = Vault XP percentage of total XP
 D = Non-vault monster count
 E = Vault monster count
 F = Vault count percentage of total count
                 A         B        C        D         E       F
            +---------+---------+-------+---------+---------+-------
      Total |    1430 |     913 |  39.0 |     122 |      22 |  15.3
            +---------+---------+-------+---------+---------+-------
        D:1 |      41 |       0 |   0.0 |      24 |       0 |   0.0
        D:2 |      58 |       6 |   9.4 |      23 |       2 |   8.0
        D:3 |     103 |     318 |  75.5 |      15 |      15 |  50.0
        D:4 |     363 |     166 |  31.4 |      31 |       3 |   8.8
        D:5 |     276 |     164 |  37.3 |      14 |       1 |   6.7
        D:6 |     589 |     259 |  30.5 |      15 |       1 |   6.2
            +---------+---------+-------+---------+---------+-------
